 Dungeon Crawl Stone Soup version 0.20-a0-925-g2efaa84 (webtiles) character file.

26 AlphabetPasta the Ducker (level 2, -1/13 HPs)
             Began as a Felid Transmuter on Mar 28, 2017.
             Slain by a leopard gecko (3 damage)
             ... on level 2 of the Dungeon.
             The game lasted 00:04:37 (1027 turns).

AlphabetPasta the Ducker (Felid Transmuter)         Turns: 1027, Time: 00:04:37

Health: -1/13      AC:  1    Str:  6    XL:     2   Next: 89%
Magic:  5/6        EV: 18    Int: 14    God:
Gold:   39         SH:  0    Dex: 16    Spells: 2/5 levels left
                                        Lives:  0   Deaths: 0

rFire    . . .     SeeInvis +     - Unarmed
rCold    . . .     Gourm    .   (shield unavailable)
rNeg     . . .     Faith    .   (armour unavailable)
rPois    .         Spirit   .   (helmet unavailable)
rElec    .         Reflect  .   (cloak unavailable)
rCorr    .         Harm     .   (gloves unavailable)
MR       .....                  (boots unavailable)
Stlth    ++........             (no amulet)
Regen    0.1/turn               (no ring)
MPRegen  0.1/turn               (no ring)

@: appendage, quick
A: no armour, no weapons or thrown items, stealth, claws 1, fangs 3, horns 2,
see invisible, carnivore 3, speed 1, shaggy fur 1, slow metabolism 1, sharp paws
a: End Transformation


You were on level 2 of the Dungeon.
You were completely stuffed.
You had grown temporary horns.
You visited 1 branch of the dungeon, and saw 2 of its levels.

You collected 39 gold pieces.

Inventory:

Missiles
 a - 11 arrows
Scrolls
 l - a scroll of fear {unknown}
Potions
 e - 3 potions of curing
 f - 2 potions of flight
 g - a potion of haste
 h - a potion of lignification {unknown}
Books
 b - a book of Changes

   Spells                             Type                      Level
   a - Beastly Appendage              Transmutation                1
   b - Sticks to Snakes               Transmutation                2
   c - Spider Form                    Transmutation/Poison         3
   d - Ice Form                       Ice/Transmutation            4
   e - Blade Hands                    Transmutation                5
Comestibles
 c - a meat ration
 d - a chunk of flesh


   Skills:
 + Level 1.7 Fighting
 + Level 3.2 Dodging
 + Level 1.3 Stealth
 * Level 3.1 Unarmed Combat
 + Level 2.0 Spellcasting
 * Level 2.5 Transmutations


You had 2 spell levels left.
You knew the following spells:

 Your Spells              Type           Power        Failure   Level  Hunger
a - Beastly Appendage     Tmut           #.....       10%         1    ##.....
b - Sticks to Snakes      Tmut           #.......     14%         2    ###....


Dungeon Overview and Level Annotations

Branches:
Dungeon (2/15)

Altars:


Innate Abilities, Weirdness & Mutations

You cannot wear armour.
You are incapable of wielding weapons or throwing items.
Your paws allow you to move quietly. (Stealth)
You have sharp claws.
You have razor-sharp teeth.
You have supernaturally acute eyesight. (SInv)
You are carnivorous and can eat meat at any time.
You cover ground quickly.
You are covered in fur. (AC +1)
You have a slow metabolism.
Your sharp claws are effective at attacking unaware monsters.
You have a pair of horns on your head.


Message History

You grow a pair of large bovine horns.
The leopard gecko hisses angrily.
The hobgoblin hits you with a club.
You closely miss the hobgoblin. Your bite misses the hobgoblin.
You closely miss the hobgoblin. You bite the hobgoblin.
The hobgoblin is heavily wounded.
The hobgoblin misses you. The leopard gecko misses you.
You barely miss the hobgoblin. You headbutt the hobgoblin.
The hobgoblin is almost dead.
The hobgoblin barely misses you. The leopard gecko bites you.
You barely miss the hobgoblin. Your headbutt misses the hobgoblin.
You bite the hobgoblin.
You kill the hobgoblin!
The leopard gecko bites you.
* * * LOW HITPOINT WARNING * * *
You scratch the leopard gecko. Your headbutt misses the leopard gecko.
You bite the leopard gecko.
The leopard gecko is almost dead.
The leopard gecko bites you.
You die...

.. ##.#
#####...##
#[.......##
#!.........
#........#
#<$)l....#
#..@.....#
#.....[..#
##########


You could see a leopard gecko.

Vanquished Creatures
  A dart slug (D:1)
  3 bats (D:1)
  2 giant cockroaches (D:1)
  3 goblins (D:1)
  2 hobgoblins
  2 jackals (D:1)
  A kobold (D:1)
  3 frilled lizards (D:1)
  5 rats (D:1)
22 creatures vanquished.

Vanquished Creatures (collateral kills)
  A jackal (D:1)
1 creature vanquished.

Grand Total: 23 creatures vanquished

Notes
Turn   | Place    | Note
-------+----------+-------------------------------------------
     0 | D:1      | AlphabetPasta the Felid Transmuter began the quest for the Orb.
     0 | D:1      | Reached XP level 1. HP: 9/9 MP: 4/4
   177 | D:1      | Reached XP level 2. HP: 12/12 MP: 4/6
   181 | D:1      | Learned a level 2 spell: Sticks to Snakes
   539 | D:1      | Reached skill level 1 in Stealth
  1027 | D:2      | Slain by a leopard gecko

Vault maps used:
D:1:      lightli_arrival_isolated_outpost, minmay_misc_feat_cross,
          minmay_misc_feat_x
D:2:      first_bread, hangedman_decor_opposing, nemelex_altar_shiori,
          uniq_terence

Skill      XL: |  1  2 |
---------------+-------+-----
Dodging        | 3 |  3.2
Stealth        | 1 |  1.3
Fighting       | |  1.7
Unarmed Combat | |  3.1
Spellcasting   | |  2.0
Transmutations | |  2.5

Action                   || total
-------------------------++-------
Melee: Unarmed           ||    50
       Bite              ||     9
       Headbutt          ||     5
       Punch             ||     1
 Cast: Beastly Appendage ||     9
       Sticks to Snakes  ||     1
  Use: Scroll            ||     5
 Stab: Sleeping          ||     7
  Eat: Chunk             ||     8
Dodge: Dodged            ||    28
